 Dungeon Crawl Stone Soup version 0.22-a0-439-gac93bac (webtiles) character file.

4380 tilp the Frost Mage (level 10, -1/70 (71) HPs)
             Began as a Merfolk Ice Elementalist on May 29, 2018.
             Was a Follower of Makhleb.
             Slain by a white ugly thing (15 damage)
             ... on level 10 of the Dungeon.
             The game lasted 00:50:08 (15066 turns).

tilp the Frost Mage (Merfolk Ice Elementalist)     Turns: 15066, Time: 00:50:09

HP:   -1/70 (71)    AC: 16    Str:  9    XL:     10   Next: 35%
MP:   4/16          EV: 16    Int: 21    God:    Makhleb [*.....]
Gold: 250           SH:  0    Dex: 11    Spells: 5/17 levels left

rFire    x . .     SeeInvis .   F - +1 whip (flame)
rCold    + . .     Gourm    .   (no shield)
rNeg     . . .     Faith    .   B - +0 robe of Hospitality {rPois MR+ Dex-4 Stlth+}
rPois    +         Spirit   .   r - +2 helmet
rElec    .         Reflect  .   (no cloak)
rCorr    .         Harm     .   (no gloves)
MR       +....                  k - +2 pair of boots
Stlth    +++.......             g - amulet of regeneration
HPRegen  0.61/turn              d - ring of ice
MPRegen  0.15/turn              K - +4 ring of intelligence

@: icy armour, very slightly contaminated
A: change form in water, swift swim, stealthy swim
a: Renounce Religion


You were on level 10 of the Dungeon.
You worshipped Makhleb.
Makhleb was aware of your devotion.
You were hungry.

You visited 2 branches of the dungeon, and saw 11 of its levels.

You collected 334 gold pieces.
You spent 84 gold pieces at shops.

Inventory:

Hand Weapons
 b - a +0 hunting sling
 v - a +0 spear
 w - a cursed -2 dagger
 x - a +0 trident
 y - a +0 halberd
 C - a +1 hand axe of chopping
 D - a +2 dagger of speed
 F - a +1 whip of flaming (weapon)
Missiles
 i - a javelin of returning (quivered)
 G - 5 javelins
 I - 9 tomahawks
Armour
 k - a +2 pair of boots (worn)
 m - a +2 robe of magic resistance
 r - a +2 helmet (worn)
 B - the +0 robe of Hospitality (worn) {rPois MR+ Dex-4 Stlth+}
   (You found it on level 6 of the Dungeon)

   It affects your dexterity (-4).
   It protects you from poison.
   It affects your resistance to hostile enchantments.
   It makes you more stealthy.
 O - a +0 leather armour
 P - a +2 pair of boots
 Q - a cursed +0 robe
 R - a cursed +0 pair of boots
Jewellery
 a - an uncursed ring of protection from cold
 d - a ring of ice (left hand)
 g - an amulet of regeneration (around neck)
 K - a +4 ring of intelligence (right hand)
Wands
 e - a wand of polymorph (4)
 E - a wand of flame (26)
 N - a wand of paralysis (18)
Scrolls
 l - a scroll of amnesia
 n - a scroll of fog
 o - a scroll of blinking
 t - 6 scrolls of remove curse
 z - a scroll of torment
 A - 2 scrolls of silence {unknown}
 H - 2 scrolls of teleportation
Potions
 f - a potion of resistance
 j - 2 potions of cancellation
 p - a potion of lignification {unknown}
 q - 5 potions of curing
 s - a potion of flight
 u - a potion of mutation
 J - a potion of brilliance {unknown}
 L - 2 potions of magic {unknown}
 M - 2 potions of invisibility
Miscellaneous
 h - a lightning rod (1/4)
Comestibles
 c - 16 rations
 S - 2 chunks of flesh


   Skills:
 - Level 4.0 Fighting
 - Level 8.1 Dodging
 - Level 2.1 Stealth
 - Level 4.0 Spellcasting
 - Level 0.7 Conjurations
 + Level 2.1 Charms
 - Level 10.2 Ice Magic
 - Level 6.0 Invocations
 - Level 6.1 Evocations


You had 5 spell levels left.
You knew the following spells:

 Your Spells              Type           Power        Failure   Level  Hunger
a - Freeze                Ice            ####         1%          1    None
b - Throw Frost           Conj/Ice       #####.       1%          2    #......
c - Ozocubu's Armour      Chrm/Ice       #####...     2%          3    ###....
d - Throw Icicle          Conj/Ice       #####...     13%         4    ####...
e - Swiftness             Chrm/Air       #.......     12%         2    #......

Your spell library contained the following spells:

 Spells                   Type           Power        Failure   Level  Hunger
 Apportation              Tloc           #.....       12%         1    None
 Lightning Bolt           Conj/Air       #.........   96%         5    ######.
 Summon Small Mammal      Summ           #...         12%         1    None
 Animate Skeleton         Necr           N/A          12%         1    None
 Summon Ice Beast         Ice/Summ       #####...     14%         4    ####...
 Shock                    Conj/Air       #...         11%         1    None
 Airstrike                Air            #.........   75%         4    ####...
 Confusing Touch          Hex            #.....       12%         1    None
 Static Discharge         Conj/Air       #.......     30%         3    ###....


Dungeon Overview and Level Annotations

Branches:
Dungeon (10/15)            Temple (1/1) D:6
   Lair: D:8-11         Orc: D:9-12

Altars:
Ashenzari
Cheibriados
Dithmenos
Elyvilon
Fedhas
Gozag
Hepliaklqana
Kikubaaqudgha
Makhleb
Nemelex Xobeh
Okawaru
Qazlal
Ru
Sif Muna
Trog
Uskayaw
Vehumet
Wu Jian
Xom
Yredelemnul
Zin
The Shining One

Shops:
D:5 ?   D:7 =   D:9 :

Annotations:
D:8 tstbtto's ghost, novice GrBe
D:9 death drake, 2ho, exclusions: 2 howler monkeys and two-headed ogre


Message History

Aim: a white ugly thing (moderately wounded)
You feel a surge of power!
You freeze the white ugly thing.
The white ugly thing resists.
The white ugly thing is moderately wounded.
The white ugly thing closely misses you.
Aiming: Throw Flame
Press: ? - help, Shift-Dir - straight line, f/p - white ugly thing
Aim: a white ugly thing (moderately wounded)
The puff of flame hits the white ugly thing.
The white ugly thing is heavily wounded.
The white ugly thing claws you! The white ugly thing freezes you! You resist.
Aiming: Throw Flame
Press: ? - help, Shift-Dir - straight line, f/p - white ugly thing
Aim: a white ugly thing (heavily wounded)
The puff of flame hits the white ugly thing.
The white ugly thing is heavily wounded.
The white ugly thing claws you!
* * * LOW HITPOINT WARNING * * *
The white ugly thing freezes you! You resist.
You die...

#......#
#......#
#......#
#......########
#..............
#..............
#..............
#..............
#....@u........
#..############
#..# #..# #..#
#..# #..# ####


You could see a white ugly thing.

Vanquished Creatures
  A two-headed ogre (D:9)
  Pikel (D:5)
  A troll (D:10)
  A hippogriff (D:10)
  Edmund (D:6)
  An orc warrior (D:9)
  An ice beast (D:7)
  3 slaves (D:5)
  3 sky beasts
  A necrophage (D:10)
  3 ogres
  3 centaurs
  A big kobold (D:7)
  3 bullfrogs
  7 howler monkeys
  2 crimson imps
  3 hounds
  3 orc priests
  A jelly (D:9)
  14 orc wizards
  A centaur skeleton (D:4)
  An iguana (D:6)
  Natasha (thrice) (D:3)
  A worker ant (D:7)
  2 hound skeletons (D:9)
  8 gnolls (D:4)
  10 adders
  A shadow imp (D:7)
  An ooze (D:5)
  An adder skeleton (D:4)
  A worm (D:2)
  3 dart slugs
  5 leopard geckos
  43 orcs
  4 ball pythons
  11 bats
  6 giant cockroaches
  8 goblins
  10 hobgoblins
  12 jackals
  13 kobolds
  3 quokkas
  6 frilled lizards
  A jackal skeleton (D:4)
  A leopard gecko skeleton (D:4)
  3 quokka skeletons (D:6)
  6 rats
219 creatures vanquished.

Notes
Turn   | Place    | Note
-------+----------+-------------------------------------------
     0 | D:1      | tilp the Merfolk Ice Elementalist began the quest for the Orb.
     0 | D:1      | Reached XP level 1. HP: 13/13 MP: 3/3
   263 | D:1      | Reached XP level 2. HP: 19/19 MP: 3/5
   272 | D:1      | Learned a level 2 spell: Throw Frost
   420 | D:1      | Reached skill level 4 in Ice Magic
   783 | D:1      | Reached XP level 3. HP: 24/24 MP: 1/6
   788 | D:1      | Learned a level 3 spell: Ozocubu's Armour
  1862 | D:2      | Reached skill level 5 in Ice Magic
  2120 | D:2      | Noticed a phantom
  2424 | D:2      | Reached XP level 4. HP: 30/30 MP: 0/7
  2882 | D:2      | Found an iron altar of Okawaru.
  3374 | D:3      | Reached skill level 6 in Ice Magic
  3538 | D:3      | Reached XP level 5. HP: 35/35 MP: 1/8
  3740 | D:3      | Noticed Natasha
  3889 | D:3      | Killed Natasha
  4437 | D:3      | Noticed Natasha
  4448 | D:3      | Killed Natasha
  4548 | D:3      | Noticed an ogre
  4841 | D:3      | Noticed Natasha
  4850 | D:3      | Killed Natasha
  4850 | D:3      | Reached skill level 7 in Ice Magic
  4850 | D:3      | Reached XP level 6. HP: 41/41 MP: 2/9
  5288 | D:4      | Found a shimmering altar of Xom.
  5524 | D:4      | Reached XP level 7. HP: 45/54 MP: 1/10
  6356 | D:4      | Found a deep blue altar of Sif Muna.
  6356 | D:4      | Found a snail-covered altar of Cheibriados.
  6362 | D:4      | Found a hide-covered altar of Uskayaw.
  6364 | D:4      | Found a bloodstained altar of Trog.
  6366 | D:4      | Found a shadowy altar of Dithmenos.
  6973 | D:5      | Entered Level 5 of the Dungeon
  6973 | D:5      | Found Weommyge's Magic Scroll Shoppe.
  6998 | D:5      | Bought a scroll of remove curse for 42 gold pieces
  6998 | D:5      | Bought a scroll of identify for 28 gold pieces
  6998 | D:5      | Bought a scroll of random uselessness for 14 gold pieces
  7938 | D:5      | Found an opulent altar of Gozag.
  8188 | D:6      | Noticed Pikel
  8193 | D:5      | Reached skill level 5 in Dodging
  8783 | D:6      | Noticed Edmund
  9110 | D:6      | Killed Edmund
  9110 | D:6      | Reached XP level 8. HP: 60/60 MP: 2/11
  9321 | D:6      | Got a colourful robe
  9332 | D:6      | Identified the cursed +0 robe of Hospitality {rPois MR+ Dex-4 Stlth+} (You found it on level 6 of the Dungeon)
  9497 | D:6      | Found a staircase to the Ecumenical Temple.
  9622 | Temple   | Entered the Ecumenical Temple
  9743 | Temple   | Became a worshipper of Makhleb the Destroyer
 10040 | D:5      | Killed Pikel
 10040 | D:5      | Reached skill level 9 in Ice Magic
 10801 | D:7      | Reached skill level 10 in Ice Magic
 10801 | D:7      | Reached XP level 9. HP: 59/65 MP: 10/12
 10877 | D:7      | Reached skill level 1 in Invocations
 11228 | D:7      | Found Cystotui's Jewellery Boutique.
 11697 | D:8      | Found a glowing golden altar of the Shining One.
 11705 | D:8      | Noticed tstbtto's ghost (novice GrBe)
 11896 | D:8      | Found a bloodstained altar of Trog.
 12075 | D:8      | Reached skill level 5 in Invocations
 13066 | D:9      | Reached * piety under Makhleb
 13162 | D:9      | Noticed a two-headed ogre
 13321 | D:9      | Found Axegyryg's Book Shop.
 13338 | D:9      | Reached skill level 1 in Evocations
 13425 | D:9      | Learned a level 4 spell: Throw Icicle
 13428 | D:9      | Learned a level 2 spell: Swiftness
 13527 | D:9      | Noticed a two-headed ogre
 13699 | D:9      | Noticed a two-headed ogre
 13715 | D:9      | Killed a two-headed ogre
 13715 | D:9      | Reached XP level 10. HP: 70/71 MP: 10/14
 14150 | D:9      | Noticed a death drake
 14150 | D:9      | a two-headed ogre changed into a death drake
 14281 | D:10     | Entered Level 10 of the Dungeon
 14813 | D:10     | Reached skill level 1 in Charms
 14938 | D:10     | Noticed a red ugly thing
 14940 | D:10     | Noticed a brown ugly thing
 14941 | D:10     | Noticed a brown ugly thing
 14941 | D:10     | Noticed a white ugly thing
 14941 | D:10     | Noticed a green ugly thing
 14942 | D:10     | Noticed a brown ugly thing
 15045 | D:10     | Noticed a two-headed ogre
 15045 | D:10     | Noticed a purple ugly thing
 15066 | D:10     | Slain by a white ugly thing

Vault maps used:
D:1:      minmay_arrival_up_and_down
D:2:      okawaru_gym_becter
D:3:      grunt_ministairs_6, kennysheep_small_spiral, uniq_natasha
D:4:      chequers_temple_overflow_minitemple, xom_butterflies,
          patterned_corridor
D:5:      serial_shops, shop_fountains, first_ration,
          nicolae_gozag_cash_rules_everything_around_me
D:6:      minmay_temple_entry_mist, uniq_edmund, uniq_pikel
D:7:      serial_shops, nicolae_shop_stone
D:8:      kennysheep_mini, basic_altar
D:9:      serial_shops, shop
D:10:     cheibrodos_breeding_chamber
Temple:   bh_familiar_temple

Skill      XL: |  1  2  3  4  5  6  7  8  9 10 |
---------------+-------------------------------+-----
Ice Magic      | 4 5 6 7 10 | 10.2
Fighting       | 4 |  4.0
Dodging        | 7 8 |  8.1
Invocations    | 6 |  6.0
Evocations     | 6 |  6.1
Spellcasting   | 4 |  4.0
Charms         | 2 |  2.1
Stealth        | |  2.1
Conjurations   | |  0.7

Action                   |  1- 3 |  4- 6 |  7- 9 | 10-12 || total
-------------------------+-------+-------+-------+-------++-------
Melee: Whip              |    19 |    79 |   221 |    28 ||   347
       Dagger            |       |       |    51 |       ||    51
       Hand axe          |       |       |     9 |       ||     9
Throw: Stone             |    28 |     4 |    11 |       ||    43
       Javelin           |     4 |    10 |    21 |       ||    35
       Tomahawk          |       |       |     9 |       ||     9
 Cast: Freeze            |    37 |    70 |   178 |    56 ||   341
       Throw Frost       |    31 |    33 |    29 |     9 ||   102
       Ozocubu's Armour  |     2 |    20 |    37 |    10 ||    69
Evoke: Lightning rod     |       |       |     3 |     1 ||     4
       Wand              |       |       |       |     3 ||     3
  Use: Scroll            |       |     7 |     7 |     4 ||    18
       Potion            |       |     1 |       |       ||     1
 Stab: Sleeping          |     3 |     1 |     3 |     2 ||     9
  Eat: Chunk             |     8 |    15 |    29 |     2 ||    54
       Ration            |       |       |     2 |     1 ||     3
Armor: Robe              |     6 |    46 |   125 |    31 ||   208
       Skin              |       |       |     6 |       ||     6
Dodge: Dodged            |    23 |    97 |   315 |    78 ||   513

Table legend:
 A = Spawn XP
 B = Non-spawn XP
 C = Spawn XP percentage of total XP
 D = Spawn monster count
 E = Non-spawn monster count
 F = Spawn count percentage of total count
 G = Total turns spent on level
                    A         B        C        D         E        F      G
               +---------+---------+-------+---------+---------+-------+---------
         Total |       0 |    6258 |   0.0 |       0 |     216 |   0.0 | 15066
               +---------+---------+-------+---------+---------+-------+---------
           D:1 |       0 |      53 |   0.0 |       0 |      29 |   0.0 |  1647
           D:2 |       0 |      90 |   0.0 |       0 |      30 |   0.0 |  2082
           D:3 |       0 |     303 |   0.0 |       0 |      33 |   0.0 |  1331
           D:4 |       0 |     264 |   0.0 |       0 |      25 |   0.0 |  1913
           D:5 |       0 |    1059 |   0.0 |       0 |      16 |   0.0 |  2266
           D:6 |       0 |     443 |   0.0 |       0 |      20 |   0.0 |  1026
           D:7 |       0 |     796 |   0.0 |       0 |      23 |   0.0 |  1191
           D:8 |       0 |     472 |   0.0 |       0 |       8 |   0.0 |  1213
           D:9 |       0 |    1670 |   0.0 |       0 |      19 |   0.0 |  1430
          D:10 |       0 |    1108 |   0.0 |       0 |      13 |   0.0 |   785
               +---------+---------+-------+---------+---------+-------+---------
